 Dungeon Crawl Stone Soup version 0.16-a0-3940-gf8a207b (webtiles) character file.

30774 abixa the Nimble (level 13, 53/90 HPs)
             Began as a Halfling Hunter on Feb 7, 2015.
             Was a High Priest of Okawaru.
             Quit the game on level 1 of the Orcish Mines.
             The game lasted 02:05:12 (24650 turns).

abixa the Nimble (Halfling Hunter)                 Turns: 24650, Time: 02:05:13

Health: 53/90      AC: 15    Str: 14    XL:     13   Next: 91%
Magic:  25/25      EV: 27    Int: 13    God:    Okawaru [*****.]
Gold:   1614       SH:  7    Dex: 18    Spells: 0 memorised, 12 levels left

rFire  . . .     SeeInvis +     Z - +2 short sword (drain)
rCold  + . .     Clarity  .     K - +3 leather armour {rPois}
rNeg   . . .     SustAb   .     L - +0 buckler
rPois  +         Gourm    +     f - +2 hat {Int+3}
rElec  .         Spirit   .     i - +2 cloak
rCorr  .         Warding  .     s - +1 pair of gloves
rMut   .         Stasis   .     N - +0 pair of boots
MR     .....                    U - amulet of the gourmand
Stlth  ++++......               e - ring of protection from cold
                                d - ring of see invisible

@: not resistant to hostile enchantments, stealthy
A: blink 1, mutation resistance 1
a: Blink, Heroism, Finesse, Renounce Religion


You were on level 1 of the Orcish Mines.
You worshipped Okawaru.
Okawaru was extremely pleased with you.
You were very full.

You visited 4 branches of the dungeon, and saw 18 of its levels.
You also visited: Bailey.

You collected 1614 gold pieces.

Inventory:

Hand weapons
 a - a +2 dagger of venom
 b - a +2 hunting sling of flaming
 q - a +0 dagger of electrocution
 w - a +1 short sword of flaming
 E - a +2 spear of venom
 W - a +1 short sword of holy wrath
 Z - a +2 short sword of draining (weapon)
Missiles
 k - 43 sling bullets
 x - 7 tomahawks
 z - 333 stones (quivered)
 B - 24 poisoned sling bullets
 P - 26 sling bullets of frost
 S - 24 poisoned needles
Armour
 f - a +2 hat of intelligence (worn)
 i - a +2 cloak (worn)
 s - a +1 pair of gloves (worn)
 t - the +2 cloak of the Hidden Places {-Tele rElec rF+ Dex+3}
   (You found it on level 1 of the Lair of Beasts)

   It affects your dexterity (+3).
   It protects you from fire.
   It insulates you from electricity.
   It prevents most forms of teleportation.
 K - a +3 leather armour of poison resistance (worn)
 L - a +0 buckler (worn)
 M - a +2 ring mail of cold resistance
 N - a +0 pair of boots (worn)
Jewellery
 d - a ring of see invisible (left hand)
 e - a ring of protection from cold (right hand)
 l - an uncursed ring of stealth
 I - an uncursed ring of flight
 U - an amulet of the gourmand (around neck)
Magical devices
 c - a wand of cold (0)
 m - a wand of lightning (5)
 p - a wand of polymorph (17)
 y - a wand of fire (3)
 O - a wand of random effects (23)
 T - a wand of frost (37)
Scrolls
 r - a scroll of fog
 A - a scroll of magic mapping
 D - 3 scrolls of fear
 F - a scroll of identify
 H - 11 scrolls of remove curse
 J - 6 scrolls of teleportation
 V - 2 scrolls of blinking
Potions
 g - a potion of restore abilities
 h - a potion of agility
 j - 6 potions of curing
 n - 3 potions of invisibility
 u - 2 potions of might
 v - 2 potions of resistance
 C - 4 potions of heal wounds
 X - 3 potions of haste
Miscellaneous
 o - a fan of gales (inert)
Comestibles
 G - 31 fruits


   Skills:
 - Level 9.2 Fighting
 - Level 8.0 Short Blades
 - Level 12.0 Slings
 - Level 6.0 Armour
 + Level 14.9 Dodging
 - Level 5.5 Stealth
 - Level 5.0 Shields
 - Level 8.3 Invocations


You had 12 spell levels left.
You didn't know any spells.

Dungeon Overview and Level Annotations

Branches:
Dungeon (11/15)            Temple (1/1) D:7            Lair (5/8) D:11
    Orc (1/4) D:10
  Swamp: Lair:3-6    Shoals: Lair:3-6     Snake: Lair:3-6    Spider: Lair:3-6

Altars:
Ashenzari
Cheibriados
Dithmenos
Elyvilon
Fedhas
Gozag
Kikubaaqudgha
Makhleb
Nemelex Xobeh
Okawaru
Qazlal
Ru
Sif Muna
Trog
Vehumet
Xom
Yredelemnul
Zin
The Shining One

Shops:
D:5 !   D:7 }   D:9 *   Orc:1 }

Annotations:
Lair:3 aimeelou's ghost, powerful MfGl


Innate Abilities, Weirdness & Mutations

You are small and have problems with some larger weapons.
You are somewhat resistant to further mutation.
You can translocate small distances at will.


Message History

An orc is nearby!
An orc is nearby!
You are too injured to fight recklessly!
You are too injured to fight recklessly!
You are too injured to fight recklessly!
Found 11 gold pieces.
Found 11 gold pieces.
An orc comes into view. It is wielding a short sword.
The orc shouts! 2 orc wizards come into view.
The orc wizard moves out of view.
An orc comes into view. It is wielding a short sword.
Found 12 gold pieces.
The orc wizard shouts!
The orc wizard casts a spell.
The orc wizard blinks!
The orc wizard casts a spell.
The orc wizard seems to speed up.
There is an entrance to Wiesobiedi's Quality Used Wands here.
Are you sure you want to abandon this character and quit the game? (Confirm with "yes".)

...........>)<...#.#.#
..$.#.....#..#)#.#.....#
#.............#...#.#.#
...>........)#).....##
.....................#
#.......$.....†.$.#.##
...................##
#..............$...##
##.....#....@)......#
#.........o#.#.........
#....$...#o..#....$..#
..##........∩........#
......$....#...#.#....
...........#.#......
.......#.$......##..
o.....###$...#...# .#..#
#...##.$##


You could see an orc wizard and an orc.

Vanquished Creatures
  Gastronok (Lair:3)
  A hydra (Lair:3)
  Nergalle (Lair:4)
  A hill giant (D:11)
  3 orc knights (Bailey)
  An ugly thing (D:11)
  6 black mambas
  Maurice (D:10)
  9 elephants
  8 spiny frogs
  A centaur skeleton (D:11)
  6 komodo dragons
  A fire drake (Lair:2)
  4 trolls
  A two-headed ogre (D:11)
  A boulder beetle (Lair:5)
  3 basilisks
  4 blink frogs (Lair:3)
  A wyvern (D:8)
  A deep elf mage (D:11)
  2 hungry ghosts
  23 yaks
  A warg (D:9)
  Edmund (Orc:1)
  5 wolves (Lair:3)
  3 hippogriffs
  6 water moccasins
  A sky beast (D:6)
  5 porcupines
  A wasp (D:11)
  7 orc warriors
  2 ice beasts
  7 ogres
  A phantom (D:3)
  2 centaurs
  Sigmund (D:4)
  A boring beetle (Lair:3)
  10 crocodiles
  A wyvern zombie (D:8)
  A gnoll sergeant (D:11)
  2 big kobolds (D:8)
  A water moccasin zombie (D:9)
  16 giant frogs
  3 scorpions
  A wyvern skeleton (D:11)
  A water moccasin skeleton (D:5)
  20 killer bees
  An electric eel (Lair:5)
  3 wights
  A crimson imp (D:7)
  7 hounds
  A centaur zombie (D:11)
  3 giant frog zombies
  Crazy Yiuf (D:7)
  2 giant frog skeletons
  4 jellies
  17 orc wizards
  18 orc priests
  Natasha (thrice) (D:4)
  10 iguanas
  5 worker ants
  4 sheep (Lair:4)
  Ijyb (D:4)
  2 worker ant zombies
  19 adders
  25 river rats
  7 gnolls
  3 shadow imps
  4 giant mites
  4 worms
  An adder zombie (D:9)
  An adder skeleton (D:5)
  6 giant geckos
  65 orcs
  A bat skeleton (D:8)
  7 bat zombies
  4 giant cockroaches
  25 hobgoblins
  14 jackals
  27 kobolds
  14 quokkas
  11 bats
  3 giant newts
  A giant spore (D:8)
  21 goblins
  A quokka zombie (D:9)
  16 rats
  2 rat zombies (D:8)
  2 ballistomycetes
547 creatures vanquished.

Vanquished Creatures (others)
  A sheep (Lair:4)
  2 orcs
  A giant spore (D:7)
4 creatures vanquished.

Grand Total: 551 creatures vanquished

Notes
Turn   | Place    | Note
--------------------------------------------------------------
     0 | D:1      | abixa, the Halfling Hunter, began the quest for the Orb.
     0 | D:1      | Reached XP level 1. HP: 14/14 MP: 1/1
    78 | D:1      | Reached skill level 6 in Slings
   396 | D:1      | Reached XP level 2. HP: 17/19 MP: 2/2
  1152 | D:2      | Reached skill level 7 in Slings
  1152 | D:2      | Reached XP level 3. HP: 24/24 MP: 3/3
  1755 | D:2      | Reached XP level 4. HP: 29/29 MP: 4/4
  1948 | D:3      | Reached skill level 8 in Slings
  2126 | D:3      | Found a burning altar of Makhleb.
  2131 | D:3      | Found a glowing silver altar of Zin.
  2131 | D:3      | Noticed an angel
  2132 | D:3      | Noticed a cacodemon
  2251 | D:3      | Found a bloodstained altar of Trog.
  2428 | D:3      | Reached XP level 5. HP: 24/34 MP: 5/5
  2761 | D:4      | Noticed Sigmund
  2882 | D:4      | Killed Sigmund
  2882 | D:4      | Reached skill level 9 in Slings
  2882 | D:4      | Reached XP level 6. HP: 34/39 MP: 6/6
  2897 | D:4      | Reached skill level 10 in Slings
  2924 | D:4      | Noticed Ijyb
  2934 | D:4      | Killed Ijyb
  2992 | D:4      | Noticed an orc warrior
  3326 | D:4      | Noticed a phantom
  3386 | D:4      | Noticed Natasha
  3393 | D:4      | Killed Natasha
  3430 | D:4      | Found an iron altar of Okawaru.
  3487 | D:4      | Became a worshipper of Warmaster Okawaru
  3557 | D:4      | Noticed Natasha
  3565 | D:4      | Killed Natasha
  3579 | D:4      | Noticed Natasha
  3595 | D:4      | Killed Natasha
  3597 | D:4      | Reached skill level 11 in Slings
  3597 | D:4      | Reached XP level 7. HP: 41/44 MP: 7/7
  3902 | D:3      | Killed a phantom
  3902 | D:3      | Reached skill level 1 in Short Blades
  4769 | D:5      | Entered Level 5 of the Dungeon
  4868 | D:4      | Killed an orc warrior
  5034 | D:5      | Acquired Okawaru's first power
  5233 | D:5      | Found Coapp's Distillery.
  5324 | D:5      | Reached XP level 8. HP: 43/50 MP: 8/8
  5433 | D:5      | Reached skill level 1 in Shields
  5438 | D:5      | Reached skill level 1 in Invocations
  5831 | D:5      | Found a glowing golden altar of the Shining One.
  5956 | D:5      | Found a shimmering altar of Xom.
  6379 | D:6      | Reached skill level 5 in Short Blades
  7214 | D:6      | HP: 2/52 [orc wizard/dagger (4)]
  7702 | D:7      | Reached skill level 12 in Slings
  7702 | D:7      | Reached XP level 9. HP: 51/57 MP: 10/10
  8843 | D:7      | Found a sparkling altar of Nemelex Xobeh.
  8880 | D:7      | Reached skill level 5 in Dodging
  8914 | D:7      | Reached skill level 1 in Armour
  8942 | D:7      | Found Cuiby's Gadget Emporium.
  8991 | D:7      | Noticed Crazy Yiuf
  8998 | D:7      | Killed Crazy Yiuf
  9006 | D:7      | Gained mutation: You can translocate small distances at will. [potion of beneficial mutation]
  9347 | D:7      | Found a shattered altar of Ashenzari.
  9406 | D:7      | Found a staircase to the Ecumenical Temple.
  9416 | Temple   | Entered the Ecumenical Temple
  9653 | D:8      | Found a deep blue altar of Sif Muna.
  9885 | D:8      | Reached XP level 10. HP: 65/65 MP: 11/11
 10262 | D:8      | Reached skill level 5 in Fighting
 10379 | D:8      | Reached skill level 5 in Stealth
 10426 | D:8      | Found an ancient bone altar of Kikubaaqudgha.
 10529 | D:6      | Found a shadowy altar of Dithmenos.
 11037 | D:8      | Reached skill level 5 in Shields
 11094 | D:9      | Found a radiant altar of Vehumet.
 11399 | D:9      | Received a gift from Okawaru
 11640 | D:9      | Found Plog's General Store.
 12140 | D:9      | Found a bloodstained altar of Trog.
 12455 | D:10     | Entered Level 10 of the Dungeon
 12653 | D:10     | Found a flagged portal.
 12691 | Bailey   | Entered a bailey
 12713 | Bailey   | Noticed an orc knight
 12759 | Bailey   | Killed an orc knight
 12759 | Bailey   | Reached XP level 11. HP: 63/72 MP: 11/13
 12778 | Bailey   | Noticed an orc knight
 12780 | Bailey   | Noticed an orc knight
 12851 | Bailey   | Killed an orc knight
 12851 | Bailey   | Acquired Okawaru's second power
 12851 | Bailey   | Reached skill level 5 in Armour
 12969 | Bailey   | Killed an orc knight
 12969 | Bailey   | Received a gift from Okawaru
 13425 | D:10     | Found a staircase to the Orcish Mines.
 14070 | D:9      | Received a gift from Okawaru
 14595 | D:11     | Received a gift from Okawaru
 15211 | D:11     | Noticed a hill giant
 15218 | D:11     | Killed a hill giant
 15254 | D:11     | Received a gift from Okawaru
 15370 | D:11     | Found a staircase to the Lair.
 15497 | D:11     | Reached skill level 10 in Dodging
 15497 | D:11     | Reached XP level 12. HP: 42/84 MP: 14/14
 15721 | D:11     | Noticed a red ugly thing
 15756 | D:11     | Killed a red ugly thing
 16077 | Lair:1   | Entered Level 1 of the Lair of Beasts
 16866 | Lair:1   | Got a translucent cloak
 16872 | Lair:1   | Identified the +2 cloak of the Hidden Places {-Tele rElec rF+ Dex+3} (You found it on level 1 of the Lair of Beasts)
 18499 | Lair:2   | Reached skill level 5 in Invocations
 18537 | Lair:2   | Received a gift from Okawaru
 19552 | Lair:3   | Noticed a five-headed hydra
 19599 | Lair:3   | Killed a five-headed hydra
 19730 | Lair:3   | Noticed aimeelou's ghost (powerful MfGl)
 20153 | Lair:3   | Noticed Gastronok
 20216 | Lair:3   | Reached XP level 13. HP: 72/90 MP: 25/25
 20835 | Lair:3   | Killed Gastronok
 21908 | Lair:4   | Reached skill level 13 in Dodging
 21937 | Lair:4   | Received a gift from Okawaru
 22155 | Lair:4   | Noticed Nergalle
 22187 | Lair:4   | Killed Nergalle
 22591 | Lair:4   | Found a radiant altar of Vehumet.
 23240 | Lair:4   | Reached skill level 14 in Dodging
 24435 | Orc:1    | Entered Level 1 of the Orcish Mines
 24435 | Orc:1    | Noticed Maurice
 24495 | D:10     | Killed Maurice
 24536 | Orc:1    | Found Wiesobiedi's Quality Used Wands.
 24536 | Orc:1    | Noticed Edmund
 24595 | Orc:1    | Killed Edmund
 24650 | Orc:1    | Quit the game

Action                   |  1- 3 |  4- 6 |  7- 9 | 10-12 | 13-15 || total
-------------------------+-------+-------+-------+-------+-------++-------
Melee: Short sword       |    31 |    89 |   484 |  1084 |   675 ||  2363
       Dagger            |   110 |    70 |       |   335 |   210 ||   725
 Fire: Hunting sling     |    15 |    36 |   105 |    92 |    26 ||   274
Throw: Stone             |       |       |     1 |     1 |     2 ||     4
Invok: Heroism           |       |       |       |     5 |       ||     5
Evoke: Wand              |       |       |       |     4 |       ||     4
       Fan of gales (ine |       |       |       |     1 |       ||     1
  Use: Scroll            |       |       |    13 |    11 |     5 ||    29
       Potion            |       |       |     3 |     2 |       ||     5
 Stab: Sleeping          |     1 |       |     6 |    30 |     6 ||    43
       Distracted        |       |       |     2 |     7 |     2 ||    11
  Eat: Chunk             |     3 |     5 |    31 |    31 |    17 ||    87
